 Dungeon Crawl Stone Soup version 0.31-a0-881-ge136f0c47a (webtiles) character file.

Game seed: 17674305599342524757

198 pokeman the Magician (level 5, -2/29 HPs)
             Began as a Deep Elf Hedge Wizard on Oct 16, 2023.
             Slain by an ufetubus (4 damage)
             ... in a sewer.
             The game lasted 00:08:02 (3925 turns).

pokeman the Magician (Deep Elf Hedge Wizard)        Turns: 3925, Time: 00:08:03

Health: -2/29      AC:  2    Str:  7    XL:     5   Next: 47%
Magic:  5/15       EV: 13    Int: 21    God:
Gold:   179        SH:  0    Dex: 14    Spells: 3/16 levels left

rFire   . . .        m - +3 short sword (elec)
rCold   . . .        (no shield)
rNeg    . . .        b - +0 robe
rPois   .            c - +0 hat
rElec   .            (no cloak)
rCorr   .            (no gloves)
SInv    .            (no boots)
Will    .....        (no amulet)
Stlth   ++           i - ring of wizardry
HPRegen 0.24/turn    t - ring of wizardry
MPRegen 0.14/turn

%: wizardry (x2)
@: no status effects
A: no striking features
a: no special abilities


You were in a sewer.
You visited 1 branch of the dungeon, and saw 4 of its levels.
You also visited: Sewer.

You collected 179 gold pieces.

Inventory:

Hand Weapons
 m - a +3 short sword of electrocution (weapon)
Armour
 b - a +0 robe (worn)
 c - a +0 hat (worn)
Magical Staves
 r - a staff of earth
Jewellery
 g - a ring of ice
 i - a ring of wizardry (left hand)
 t - a ring of wizardry (right hand)
Scrolls
 a - a scroll of blinking {unknown}
 f - a scroll of vulnerability {unknown}
 n - a scroll of fog {unknown}
 o - a scroll of teleportation {unknown}
 p - a scroll of noise {unknown}
 q - a scroll of poison {unknown}
 s - a scroll of fear {unknown}
Potions
 d - a potion of magic
 e - 2 potions of heal wounds {unknown}
 h - 2 potions of resistance {unknown}
 j - 3 potions of cancellation {unknown}
 k - 2 potions of lignification {unknown}
 l - a potion of berserk rage {unknown}


   Skills:
 - Level 1.0 Fighting
 - Level 1.0 Armour
 - Level 3.0 Dodging
 - Level 3.0 Stealth
 * Level 6.3 Spellcasting
 + Level 2.6 Conjurations
 - Level 1.1 Summonings
 - Level 1.1 Translocations
 + Level 0.5 Air Magic
 + Level 0.3 Earth Magic
 + Level 0.5 Poison Magic
 + Level 0.6 Evocations


You had 3 spell levels left.
You knew the following spells:

 Your Spells              Type           Power      Damage    Failure   Level
a - Magic Dart            Conj           68%        1d6       1%          1
b - Mephitic Cloud        Conj/Pois/Air  11%        N/A       4%          3
c - Call Imp              Summ           22%        N/A       2%          2
d - Blink                 Tloc           22%        N/A       2%          2
e - Lee's Rapid Deconstr  Erth           4%         3d5*      47%         5

Your spell library contained the following spells:

 Spells                   Type           Power      Damage    Failure   Level
 Freeze                   Ice            24%        1d4       2%          1
 Slow                     Hex            24%        N/A       2%          1
 Cigotuvi's Dreadful Rot  Necr/Pois/Air  16%        N/A       3%          2
 Sublimation of Blood     Necr           6%         N/A       4%          2
 Wereblood                Tmut           6%         N/A       4%          2
 Hailstorm                Conj/Ice       12%        3d5       4%          3
 Frozen Ramparts          Ice            12%        1d2       8%          3
 Leda's Liquefaction      Hex/Erth       3%         N/A       22%         4
 Bombard                  Conj/Erth      6%         9d2       86%         6
 Summon Hydra             Summ           5%         N/A       100%        7


Dungeon Overview and Level Annotations

Branches:
Dungeon (4/15)              Sewer (1/1)
 Temple: D:4-7

Altars:
Elyvilon
Kikubaaqudgha
Qazlal
Ru
Trog
Yredelemnul


Message History

The ufetubus misses you. The kobold attacks as it pursues you!
The kobold closely misses you.
The ufetubus hits you but does no damage.
The ufetubus barely misses you. The ufetubus closely misses you.
The ufetubus hits you.
Casting: Magic Dart (safe; 1% risk of failure)
Confirm with . or Enter, or press ? or * to list all spells.
Aiming: Magic Dart (safe; 1% risk of failure)
Press: ? - help, Shift-Dir - straight line, f/p - ufetubus
Aim: an ufetubus (moderately wounded, 100% to hit)
The magic dart hits the ufetubus but does no damage.
The ufetubus is moderately wounded.
The ufetubus hits you. x2
* * * LOW HITPOINT WARNING * * *
The ufetubus slips past you! The ufetubus hits you.
* * * LOW HITPOINT WARNING * * *
The ufetubus misses you.
Unknown command.
Casting: Magic Dart (safe; 1% risk of failure)
Confirm with . or Enter, or press ? or * to list all spells.
Aiming: Magic Dart (safe; 1% risk of failure)
Press: ? - help, Shift-Dir - straight line, f/p - ufetubus
Aim: an ufetubus (moderately wounded, 100% to hit)
The magic dart hits the ufetubus.
The ufetubus is heavily wounded.
The ufetubus barely misses you. x2
Unknown command.
Casting: Magic Dart (safe; 1% risk of failure)
Confirm with . or Enter, or press ? or * to list all spells.
Aiming: Magic Dart (safe; 1% risk of failure)
Press: ? - help, Shift-Dir - straight line, f/p - ufetubus
Aim: an ufetubus (heavily wounded, 100% to hit)
The magic dart hits the ufetubus.
The ufetubus is heavily wounded.
The ufetubus completely misses you.
The ufetubus hits you but does no damage.
The kobold hits you with a +0 short sword.
* * * LOW HITPOINT WARNING * * *
The ufetubus hits you.
You die...

# #..~≈≈≈≈≈≈≈≈≈≈≈≈≈.
#≈ #....≈≈≈≈≈≈~≈≈≈~
##. ###.###≈##≈##≈####
#...#≈≈....)........#.
'..K~≈≈≈..)...........
#...#≈≈.....).......#.
##.####.#≈###≈≈#≈####.
#~~K#5..~≈≈≈~≈≈≈~≈≈ #.
#≈~.#@.~≈≈≈≈≈≈≈≈≈≈≈≈#.
#≈≈.#K≈≈≈≈≈≈≈≈≈≈≈≈≈≈#.
#≈~K#KK≈≈≈≈≈≈≈≈≈≈≈≈≈#.
#≈~.#K.≈≈≈≈≈≈≈≈≈≈≈≈≈#.
#≈KK'.~≈≈≈≈≈≈≈≈ #.
##.##################.
#≈ ≈≈≈≈~≈≈#. #
≈≈≈≈≈≈~~. ≈≈≈≈≈~≈#.


You could see an ufetubus and 4 kobolds.

Vanquished Creatures
  A jelly (D:3)
  3 gnolls (D:3)
  3 adders
  A river rat (D:4)
  2 shadow imps (Sewer)
  An ufetubus (Sewer)
  3 worms
  2 dart slugs (D:3)
  An orc (D:3)
  8 ball pythons
  3 bats
  3 endoplasms
  3 giant cockroaches
  4 goblins
  8 hobgoblins
  2 quokkas
  8 frilled lizards
  15 kobolds
  7 rats
78 creatures vanquished.

Notes
Turn   | Place    | Note
-------+----------+-------------------------------------------
     0 | D:1      | pokeman the Deep Elf Hedge Wizard began the quest for the
                  | Orb.
     0 | D:1      | Reached XP level 1. HP: 10/10 MP: 7/7
   315 | D:1      | Reached XP level 2. HP: 15/15 MP: 6/9
   621 | D:1      | Found a faded altar of an unknown god.
   971 | D:1      | Reached skill level 5 in Spellcasting
  1411 | D:2      | Reached XP level 3. HP: 20/20 MP: 4/11
  1415 | D:2      | Learned a level 3 spell: Mephitic Cloud
  1418 | D:2      | Learned a level 2 spell: Call Imp
  1421 | D:2      | Learned a level 2 spell: Blink
  2097 | D:2      | Reached skill level 1 in Fighting
  2097 | D:2      | Reached skill level 1 in Armour
  2841 | D:3      | Reached XP level 4. HP: 25/25 MP: 3/13
  2985 | D:3      | Reached skill level 6 in Spellcasting
  3030 | D:3      | Reached XP level 5. HP: 29/29 MP: 6/15
  3461 | D:3      | Found a sacrificial altar of Ru.
  3461 | D:3      | Found a white marble altar of Elyvilon.
  3461 | D:3      | Found a stormy altar of Qazlal.
  3461 | D:3      | Found a bloodstained altar of Trog.
  3469 | D:3      | Found a basalt altar of Yredelemnul.
  3469 | D:3      | Found an ancient bone altar of Kikubaaqudgha.
  3574 | D:4      | Learned a level 5 spell: Lee's Rapid Deconstruction
  3602 | D:4      | Found a glowing drain.
  3624 | Sewer    | Entered a sewer
  3925 | Sewer    | Slain by an ufetubus

Illustrated notes

Levels and vault maps discovered:
D:1:      mrwooster_arrival_statue_2, layout_loops_ring,
          shapermc_ecumenical_altar_totnotflames, serial_co_window_serial,
          co_window_corner_a, co_window_paths_a, co_window_corner_a,
          co_window_corner_a, co_window_paths_b, co_window_of_opportunity_c,
          co_window_unsneaky_path_b, co_window_2corner, co_window_2corner,
          glass_columns_c, glass_columns_a, glass_columns_a, glass_columns_a,
          glass_columns_a, minmay_pentomino_v4
D:2:      layout_loops_corners
D:3:      layout_loops_ring, minmay_overflow_temple_hex, eino_tiny_chamber,
          hex_medium
D:4:      minmay_chambers_of_threes, layout_basic,
          minmay_temple_entry_from_below_b, portal_sewer_entry_a,
          minmay_misc_feat_more_columns, dk_noncrumbling_3, uniq_menkaure
Sewer:    kennysheep_sewer_church

Skill      XL: |  1  2  3  4  5 |
---------------+----------------+-----
Spellcasting   | 5 6 |  6.3
Fighting       | 1 |  1.0
Armour         | 1 |  1.0
Conjurations   | 2 |  2.6
Stealth        | 3 |  3.0
Dodging        | 3 |  3.0
Summonings     | |  1.1
Translocations | |  1.1
Air Magic      | |  0.5
Earth Magic    | |  0.3
Poison Magic   | |  0.5
Evocations     | |  0.6

Action                     |  1- 3 |  4- 6 || total
---------------------------+-------+-------++-------
  Melee: Short sword       |     1 |    13 ||    14
   Cast: Magic Dart        |   104 |    74 ||   178
         Mephitic Cloud    |     3 |     3 ||     6
   Stab: Confused          |       |     1 ||     1
 Armour: Robe              |     3 |    29 ||    32
  Dodge: Dodged            |     5 |    42 ||    47

Table legend: (Time is in decaauts)
 A = Elapsed time spent in this place.
 B = Non-inter-level travel time spent in this place.
 C = Inter-level travel time spent in this place.
 D = Time resting spent in this place.
 E = Time spent auto-exploring this place.
 F = Levels seen in this place.
 G = Mean time per level.
                   A        B        C        D        E       F      G
               +--------+--------+--------+--------+--------+-----+--------+
         Total |   3924 |   3844 |     80 |     83 |   3286 |   5 |  784.8 |
       Dungeon |   3623 |   3543 |     80 |     83 |   3040 |   4 |  905.8 |
         Sewer |    301 |    301 |      0 |      0 |    246 |   1 |  301.0 |
               +--------+--------+--------+--------+--------+-----+--------+

Top non-repeatable levels by time:
     D:1: 1248 daAuts
     D:2: 1247 daAuts
     D:3: 1027 daAuts
   Sewer: 301 daAuts
     D:4: 99 daAuts
